 Dungeon Crawl Stone Soup version 0.31-a0-640-g39d97e502b (webtiles) character file.

Game seed: 5591765830027493105

402 GloriousHammer the Magician (level 6, 0/54 HPs)
             Began as a Deep Elf Chaos Knight on Aug 27, 2023.
             Was a Plaything of Xom.
             Slain by Pikel
             ... wielding a +0 whip of flaming
              (1 damage)
             ... on level 5 of the Dungeon on Aug 29, 2023.
             The game lasted 00:19:16 (5340 turns).

GloriousHammer the Magician (Deep Elf Chaos Knight) Turns: 5340, Time: 00:19:16

Health: 0/54       AC: 23    Str:  9    XL:     6   Next: 55%
Magic:  13/16      EV:  2    Int: 19    God:    Xom [..*...]
Gold:   200        SH:  0    Dex: 14    Spells: 0/15 levels left

rFire   . . .        a - +0 spear (chaos)
rCold   . . .        (no shield)
rNeg    + + .        o - melded +2 leather armour
rPois   +            r - melded +1 helmet
rElec   .            (cloak currently unavailable)
rCorr   .            (gloves currently unavailable)
SInv    .            (boots currently unavailable)
Will    +....        (no amulet)
Stlth   +            n - ring "Bom Momp" {rN++ EV+5}
HPRegen 0.29/turn    Z - ring of wizardry
MPRegen 0.15/turn

%: wizardry (x1)
@: confused, mighty, tree-form, ambrosia-drunk, attractive, enlightened
A: stationary, stasis, torment immunity, boosted hp
a: Renounce Religion


You were on level 5 of the Dungeon.
You worshipped Xom.
You were a toy of Xom.
You were a tree.
You visited 1 branch of the dungeon, and saw 5 of its levels.

You collected 200 gold pieces.

Inventory:

Hand Weapons
 a - a +0 spear of chaos (weapon)
 b - a +1 sling
 z - a +0 short sword of draining
Missiles
 D - a throwing net
Armour
 o - a +2 leather armour (melded)
 r - a +1 helmet (melded)
Jewellery
 n - the ring "Bom Momp" (left branch) {rN++ EV+5}
   (You found it on level 2 of the Dungeon)

   [ring of evasion]

   EV+5:      It affects your evasion (+5).
   rN++:      It greatly protects you from negative energy.
 C - a ring of protection from cold
 N - a ring of positive energy
 Y - a +4 ring of slaying
 Z - a ring of wizardry (right branch)
Wands
 w - a wand of charming (11)
 A - a wand of flame (17)
Scrolls
 c - a scroll of butterflies
 d - a scroll of fear {unknown}
 f - a scroll of enchant armour
 g - 3 scrolls of enchant weapon
 k - a scroll of vulnerability {unknown}
 m - 3 scrolls of fog {unknown}
 q - a scroll of amnesia {unknown}
 v - 2 scrolls of identify {unknown}
 x - a scroll of immolation {unknown}
 y - a scroll of poison {unknown}
 B - a scroll of noise {unknown}
 G - a scroll of summoning {unknown}
Potions
 e - 2 potions of invisibility
 h - a potion of attraction
 i - a potion of haste {unknown}
 j - a potion of lignification
 l - a potion of degeneration {unknown}
 p - a potion of brilliance {unknown}
 s - a potion of magic {unknown}
 t - a potion of curing
 E - a potion of enlightenment
 F - a potion of berserk rage {unknown}


   Skills:
 - Level 2.4 Fighting
 - Level 2.1 Polearms
 + Level 3.4 Ranged Weapons
 - Level 0.7 Armour
 - Level 2.4 Dodging
 + Level 5.3 Spellcasting
 + Level 0.4 Conjurations
 + Level 0.5 Hexes
 + Level 0.3 Translocations
 - Level 4.4 Ice Magic


You couldn't memorise any spells.
You knew the following spells:

 Your Spells              Type           Power      Damage    Failure   Level
a - Freeze                Ice            88%        1d9       1%          1
b - Frozen Ramparts       Ice            44%        1d7       2%          3
c - Hailstorm             Conj/Ice       14%        3d5       5%          3
d - Fulminant Prism       Conj/Hex       3%         3d5       36%         4
e - Iskenderun's Mystic   Conj/Tloc      6%         2d4       36%         4

Your spell library contained the following spells:

 Spells                   Type           Power      Damage    Failure   Level
 Volatile Blastmotes      Fire/Tloc      10%        2d10      13%         3


Dungeon Overview and Level Annotations

Branches:
Dungeon (5/15)
 Temple: D:4-7

Altars:

Shops:
D:5 (

Annotations:
D:2 exclusion: 2 downstairs
D:3 exclusions: 2 doors and iguana
D:5 exclusion: water moccasin, Pikel


Message History

Unknown command.
What are your orders? t - Shout!
Orders for allies: a - Attack new target. r - Retreat! s - Stop attacking. g - Guard the area. f - Follow me.
Anything else - Cancel.
Gang up on whom?
Press: ? - help, Dir - move target, f - you
Okay, then.
You start resting.
A water moccasin is nearby!
What are your orders? t - Shout!
Orders for allies: a - Attack new target. r - Retreat! s - Stop attacking. g - Guard the area. f - Follow me.
Anything else - Cancel.
Gang up on whom?
Press: ? - help, Dir - move target, f - water moccasin
Aim: a water moccasin (ally target) Attack!
You shoot a sling bullet.
The sling bullet misses the water moccasin.
Pikel is no longer charmed.
The water moccasin bites you. x2
You are poisoned.
The water moccasin poisons you!
Your +0 spear of chaos is briefly surrounded by a scintillating aura of random colours.
a - a +0 spear of chaos (weapon)
You feel sick. The water moccasin bites you.
You are lethally poisoned!
The water moccasin poisons you!
Unknown command.
You barely miss the water moccasin.
You feel extremely sick.
The water moccasin bites you but does no damage.
Pikel says, "You'll make a fine lemure."
The water moccasin bites you.
It was a potion of attraction.
You feel attractive to monsters.
Xom thinks this is hilarious!
* * * LOW HITPOINT WARNING * * *
You feel very sick. Pikel closely misses you.
The water moccasin barely misses you.
It was a potion of lignification.
You turn into a tree.
Your +1 helmet melds into your body.
Your +2 leather armour melds into your body.
Your roots penetrate the ground.
* * * LOW HITPOINT WARNING * * *
You feel very sick. Pikel hits you but does no damage.
The water moccasin bites you but does no damage.
You barely miss Pikel.
Pikel is heavily wounded.
* * * LOW HITPOINT WARNING * * *
You feel very sick. "Go forth and destroy!"
You feel very mighty all of a sudden.
The water moccasin bites you but does no damage.
Pikel hits you but does no damage.
The water moccasin bites you but does no damage.
It was a potion of curing.
You feel better.
Xom thinks this is hilarious!
Pikel hits you but does no damage. The water moccasin bites you.
* * * LOW HITPOINT WARNING * * *
Casting: Freeze (safe; 1% risk of failure)
Confirm with . or Enter, or press ? or * to list all spells.
You erupt in a blast of force!
The mystic blast hits Pikel.
Pikel is severely wounded.
The mystic blast hits the water moccasin.
The water moccasin is lightly wounded.
The water moccasin is knocked back by the mystic blast.
You hear a shout!
Pikel says, "You'll feel the lick of my whip!"
Pikel hits you with a +0 whip of flaming.
* * * LOW HITPOINT WARNING * * *
Pikel burns you.
* * * LOW HITPOINT WARNING * * *
The water moccasin is attracted toward you.
It was a potion of enlightenment.
Your roots keep you in place.
A centaur comes into view.
The water moccasin bites you but does no damage.
Pikel hits you with a +0 whip of flaming.
* * * LOW HITPOINT WARNING * * *
Pikel burns you.
* * * LOW HITPOINT WARNING * * *
The centaur is attracted toward you.
You are confused.
You feel invigorated.
Xom titters.
Pikel looks rather confused.
The centaur looks rather confused.
The water moccasin looks rather confused.
Pikel seems less confused.
The centaur seems less confused.
Pikel hits you with a +0 whip of flaming.
* * * LOW HITPOINT WARNING * * *
Pikel burns you.
You die...
Pikel says, "See you in Hell!"
Xom snickers!

?............. #.#.#<.)...#
............. .# #.#.#......#
..........# .# #.#.#.######
##.).)....# .# #.#.#.......
#..∩.....### .# #.#.########
#.).)......### .# #.#.#.......
#.[.....##...###.####.#.#.######
####...#####..##..!.....#.# #...
######.....K♣....#.###.# #.##
#...........#.# #.# #.#
#....S......#.# #.# #.##
#....c......#.# #.# #.#.
#...$.......#.# #.# #.#.
#...........#.# #.# #.#.
#..§........#'###.# #.##
#..............##.# #...
..........##.######


You could see Pikel, a water moccasin (confused) and a centaur.

Vanquished Creatures
  A phantom (D:5)
  A hound (D:4)
  Ijyb (D:3)
  10 gnolls
  7 adders
  2 worms
  4 dart slugs
  10 orcs
  10 ball pythons
  8 endoplasms
  2 giant cockroaches
  9 goblins
  6 hobgoblins
  6 kobolds
  2 quokkas
  4 bats
  2 frilled lizards
  5 rats
90 creatures vanquished.

Vanquished Creatures (collateral kills)
  An adder (D:5)
1 creature vanquished.

Grand Total: 91 creatures vanquished

Notes
Turn   | Place    | Note
-------+----------+-------------------------------------------
     0 | D:1      | GloriousHammer the Deep Elf Chaos Knight began the quest
                  | for the Orb.
     0 | D:1      | Reached XP level 1. HP: 13/13 MP: 3/3
    42 | D:1      | XOM: divination: detect creatures
    79 | D:1      | Reached skill level 1 in Spellcasting
   150 | D:1      | XOM: silly message
   162 | D:1      | XOM: potion effect (brilliance)
   166 | D:1      | Reached skill level 2 in Spellcasting
   263 | D:1      | Reached XP level 2. HP: 10/18 MP: 7/7
   468 | D:1      | XOM: 3-stop teleportation journey
   734 | D:1      | XOM: silly message
   822 | D:1      | Learned a level 1 spell: Freeze
   839 | D:1      | Reached skill level 3 in Spellcasting
  1029 | D:1      | XOM: god gift: 5 stones
  1354 | D:2      | Reached skill level 1 in Ice Magic
  1354 | D:2      | Reached XP level 3. HP: 11/22 MP: 9/9
  1404 | D:2      | XOM: 1-stop teleportation journey
  1692 | D:2      | XOM: silly message
  1762 | D:1      | Learned a level 3 spell: Frozen Ramparts
  1766 | D:1      | Learned a level 3 spell: Hailstorm
  2189 | D:2      | XOM: silly message
  2253 | D:2      | Identified the ring "Bom Momp" {rN++ EV+5}
  2511 | D:3      | Noticed Ijyb
  2530 | D:3      | XOM: silly message
  2537 | D:3      | XOM: divination: detect items
  2543 | D:3      | XOM: divination: magic mapping
  2843 | D:2      | XOM: divination: detect creatures
  2927 | D:3      | Reached skill level 4 in Spellcasting
  2927 | D:3      | Reached XP level 4. HP: 27/27 MP: 7/12
  2927 | D:3      | XOM: silly message
  3106 | D:3      | Reached skill level 1 in Ranged Weapons
  3347 | D:3      | XOM: divination: detect creatures
  3657 | D:3      | XOM: silly message
  3741 | D:3      | XOM: divination: detect items
  3752 | D:3      | XOM: divination: magic mapping
  3761 | D:3      | Killed Ijyb
  3762 | D:3      | Reached XP level 5. HP: 27/31 MP: 9/13
  4747 | D:4      | Reached XP level 6. HP: 36/36 MP: 15/15
  4748 | D:4      | Reached skill level 5 in Spellcasting
  4761 | D:4      | XOM: silly message
  4780 | D:5      | Entered Level 5 of the Dungeon
  4947 | D:5      | Noticed a water moccasin
  5269 | D:5      | Learned a level 4 spell: Fulminant Prism
  5274 | D:5      | Learned a level 4 spell: Iskenderun's Mystic Blast
  5289 | D:5      | Noticed Pikel
  5299 | D:5      | Found Teynout's Weapon Boutique.
  5315 | D:5      | XOM: cloud trail
  5336 | D:5      | XOM: potion effect (might)
  5340 | D:5      | XOM: confuse monster(s)
  5340 | D:5      | HP: 1/54 [Pikel/+0 whip of flaming (6)]
  5340 | D:5      | Slain by Pikel

Illustrated notes

Levels and vault maps discovered:
D:1:      heliophobic_arrival_battle_scene, layout_basic
D:2:      layout_basic
D:3:      minmay_goblin_kobold_castle, layout_basic, uniq_ijyb
D:4:      layout_rooms
D:5:      layout_basic, serial_shops, nicolae_shop_scrapyard, uniq_pikel

Skill      XL: |  1  2  3  4  5  6 |
---------------+-------------------+-----
Spellcasting   | 2 3 4 5 |  5.3
Ice Magic      | 1 2 3 4 |  4.4
Ranged Weapons | 1 2 3 |  3.4
Fighting       | |  2.4
Polearms       | |  2.1
Armour         | |  0.7
Dodging        | |  2.4
Conjurations   | |  0.4
Hexes          | |  0.5
Translocations | |  0.3

Action                     |  1- 3 |  4- 6 || total
---------------------------+-------+-------++-------
  Melee: Spear             |   149 |    38 ||   187
         Punch             |     2 |       ||     2
         Sling             |       |     1 ||     1
   Fire: Sling             |     9 |   129 ||   138
   Cast: Freeze            |    13 |    20 ||    33
         Frozen Ramparts   |       |    13 ||    13
         Hailstorm         |       |     3 ||     3
         Iskenderun's Myst |       |     1 ||     1
  Evoke: Wand              |       |     1 ||     1
    Use: Potion            |     3 |     5 ||     8
         Scroll            |     1 |     1 ||     2
   Stab: Sleeping          |     2 |       ||     2
         Petrifying        |     1 |       ||     1
         Paralysed         |     1 |       ||     1
 Armour: Leather armour    |    39 |    31 ||    70
         Skin              |       |     7 ||     7
  Dodge: Dodged            |    93 |    82 ||   175

Table legend: (Time is in decaauts)
 A = Elapsed time spent in this place.
 B = Non-inter-level travel time spent in this place.
 C = Inter-level travel time spent in this place.
 D = Time resting spent in this place.
 E = Time spent auto-exploring this place.
 F = Levels seen in this place.
 G = Mean time per level.
                   A        B        C        D        E       F      G
               +--------+--------+--------+--------+--------+-----+--------+
         Total |   5390 |   5197 |    193 |   1612 |   2423 |   5 | 1078.0 |
       Dungeon |   5390 |   5197 |    193 |   1612 |   2423 |   5 | 1078.0 |
               +--------+--------+--------+--------+--------+-----+--------+

Top non-repeatable levels by time:
     D:1: 1512 daAuts
     D:3: 1381 daAuts
     D:2: 1295 daAuts
     D:4: 676 daAuts
     D:5: 525 daAuts
